[Event "Charlotte Fall GM-B 2023"]
[Site "Charlotte"]
[Date "2023.11.17"]
[Round "1.2"]
[White "Griffith, Kyron"]
[Black "Ippolito, Dean"]
[Result "1-0"]
[ECO "C50"]
[WhiteElo "2358"]
[BlackElo "2356"]
[Annotator "RC"]
[PlyCount "73"]
[EventDate "2023.11.17"]
[EventType "tourn"]
[EventCountry "USA"]
[SourceTitle "playchess.com"]
[Source "ChessBase"]
[SourceQuality "1"]
[TimeControl "5400+30"]

1. e4 e5 2. Nc3 Nf6 3. Bc4 Nc6 4. d3 Bc5 5. Nf3 d6 6. O-O O-O 7. Na4 a6 8. Nxc5 dxc5 9. h3 Qd6 10. a3 h6 11. Be3 b6 12. Nd2 Be6 13. f4 exf4 14. Bxf4 Qd4+ 15. Kh1 Bxc4 16. Nxc4 Nxe4 17. Qf3 Rae8 18. Bxc7 b5 19. dxe4 bxc4 20. Rad1 Qxb2 21. Bd6 Qxc2 22. Bxf8 Rxf8 23. Qf5 Nd4 24. Qxc5 Nb3 25. Qd5 c3 26. Rxf7 Rxf7 27. Rf1 Nd2 28. Rxf7 Qxe4 29. Qxe4 Nxe4 30. Rc7 Kh7 31. Rc4 Nf2+ 32. Kg1 Nd1 33. Rc6 a5 34. Kf1 Ne3+ 35. Kf2 Nd5 36. Kf3 g5 37. Rc5 1-0

[Event "Charlotte Fall GM-B 2023"]
[Site "Charlotte"]
[Date "2023.11.17"]
[Round "1.3"]
[White "Cordova, Emilio"]
[Black "Stremavicius, Titas"]
[Result "1/2-1/2"]
[ECO "D14"]
[WhiteElo "2568"]
[BlackElo "2563"]
[Annotator "RC"]
[PlyCount "29"]
[EventDate "2023.11.17"]
[EventType "tourn"]
[EventCountry "USA"]
[SourceTitle "playchess.com"]
[Source "ChessBase"]
[SourceQuality "1"]
[TimeControl "5400+30"]

1. d4 c6 2. Nf3 Nf6 3. c4 d5 4. cxd5 cxd5 5. Nc3 Nc6 6. Bf4 Bf5 7. e3 e6 8. Bd3 Bxd3 9. Qxd3 Bd6 10. Bxd6 Qxd6 11. O-O O-O 12. Rfc1 Rfc8 13. h3 h6 14. Qe2 Qd8 15. Na4 1/2-1/2

[Event "Charlotte Fall GM-B 2023"]
[Site "Charlotte"]
[Date "2023.11.17"]
[Round "1.4"]
[White "Wang, Tianqi"]
[Black "Korley, Kassa"]
[Result "1/2-1/2"]
[ECO "B22"]
[WhiteElo "2350"]
[BlackElo "2457"]
[Annotator "RC"]
[PlyCount "87"]
[EventDate "2023.11.17"]
[EventType "tourn"]
[EventCountry "USA"]
[SourceTitle "playchess.com"]
[Source "ChessBase"]
[SourceQuality "1"]
[TimeControl "5400+30"]

1. e4 c5 2. c3 d5 3. exd5 Qxd5 4. d4 Nf6 5. Nf3 e6 6. Na3 Nc6 7. Be2 Qd8 8. Nc2 Be7 9. O-O Qc7 10. dxc5 Bxc5 11. Bg5 O-O 12. Qc1 Nd5 13. c4 Nde7 14. a3 a5 15. b3 b6 16. Qb2 Ng6 17. Rfd1 Bb7 18. Bd2 Nf4 19. Bf1 Ne7 20. Ncd4 Neg6 21. b4 Be7 22. Bc3 Qc8 23. Re1 Bf6 24. Re3 axb4 25. axb4 Rxa1 26. Qxa1 Rd8 27. Ne1 h5 28. Ndf3 Bxc3 29. Qxc3 h4 30. g3 hxg3 31. hxg3 Nh5 32. Ne5 Nxe5 33. Rxe5 Nf6 34. Rg5 Kf8 35. Be2 Qd7 36. Rb5 Qd2 37. Qxd2 Rxd2 38. Bf3 Ba6 39. Rxb6 Bxc4 40. Rb8+ Ke7 41. Rb7+ Kf8 42. Rb8+ Ke7 43. Rb7+ Kf8 44. Rb8+ 1/2-1/2

[Event "Charlotte Fall GM-B 2023"]
[Site "Charlotte"]
[Date "2023.11.17"]
[Round "1.5"]
[White "Hilby, Craig"]
[Black "Ringoir, Tanguy"]
[Result "1/2-1/2"]
[ECO "B90"]
[WhiteElo "2402"]
[BlackElo "2507"]
[Annotator "RC"]
[PlyCount "53"]
[EventDate "2023.11.17"]
[EventType "tourn"]
[EventCountry "USA"]
[SourceTitle "playchess.com"]
[Source "ChessBase"]
[SourceQuality "1"]
[TimeControl "5400+30"]

1. e4 c5 2. Nf3 d6 3. d4 cxd4 4. Nxd4 Nf6 5. Nc3 a6 6. Be3 e5 7. Nf3 Be7 8. h3 Be6 9. g4 h6 10. g5 hxg5 11. Nxg5 Nc6 12. Rg1 Qa5 13. a3 d5 14. b4 Qd8 15. exd5 Bxd5 16. Qd3 e4 17. Qd2 Ne5 18. O-O-O Bc6 19. Qxd8+ Rxd8 20. Bd4 Nfd7 21. Ngxe4 Rh4 22. Bg2 f5 23. Ng3 g6 24. Nd5 Bxd5 25. Bxd5 Nf6 26. Bxe5 Rxd5 27. Rxd5 1/2-1/2

[Event "Charlotte Fall GM-B 2023"]
[Site "Charlotte"]
[Date "2023.11.18"]
[Round "2.1"]
[White "Gedajlovic, Max"]
[Black "Ringoir, Tanguy"]
[Result "0-1"]
[ECO "B51"]
[WhiteElo "2407"]
[BlackElo "2507"]
[Annotator "RC"]
[PlyCount "72"]
[EventDate "2023.11.17"]
[EventType "tourn"]
[EventCountry "USA"]
[SourceTitle "playchess.com"]
[Source "ChessBase"]
[SourceQuality "1"]
[TimeControl "5400+30"]

1. e4 c5 2. Nf3 d6 3. Bb5+ Nd7 4. a4 Ngf6 5. Nc3 a6 6. Be2 b6 7. O-O Bb7 8. d3 e6 9. h3 Be7 10. Bf4 e5 11. Bg5 Nf8 12. Nd2 Ne6 13. Bxf6 Bxf6 14. Nc4 O-O 15. Ne3 g6 16. Ncd5 Bg7 17. c3 Rb8 18. Rb1 f5 19. Qb3 Bc8 20. exf5 gxf5 21. f4 Kh8 22. fxe5 f4 23. Nc4 dxe5 24. Ncxb6 Ng5 25. Bg4 Bxg4 26. hxg4 c4 27. dxc4 Ne4 28. g5 Nd2 29. Qb4 Qxg5 30. Rf2 Nxb1 31. c5 f3 32. c6 Qc1+ 33. Kh2 Qh6+ 34. Kg1 fxg2 35. Rxg2 Nd2 36. c7 Rf1# 0-1

[Event "Charlotte Fall GM-B 2023"]
[Site "Charlotte"]
[Date "2023.11.18"]
[Round "2.2"]
[White "Korley, Kassa"]
[Black "Hilby, Craig"]
[Result "1-0"]
[ECO "A30"]
[WhiteElo "2457"]
[BlackElo "2402"]
[Annotator "RC"]
[PlyCount "71"]
[EventDate "2023.11.17"]
[EventType "tourn"]
[EventCountry "USA"]
[SourceTitle "playchess.com"]
[Source "ChessBase"]
[SourceQuality "1"]
[TimeControl "5400+30"]

1. Nf3 Nf6 2. g3 c5 3. c4 Nc6 4. Bg2 d5 5. cxd5 Nxd5 6. d4 cxd4 7. Nxd4 Ndb4 8. Nxc6 Qxd1+ 9. Kxd1 Nxc6 10. Nc3 Bd7 11. Be3 g6 12. Rc1 Bg7 13. f4 Rc8 14. Ke1 b6 15. Kf2 Na5 16. Nd5 Nc4 17. b3 Nxe3 18. Kxe3 e6 19. Rxc8+ Bxc8 20. Rc1 Bd7 21. Nb4 Bf8 22. Nd3 Bd6 23. Bc6 Bxc6 24. Rxc6 Kd7 25. Rc2 h5 26. Kd4 f6 27. e4 h4 28. e5 hxg3 29. hxg3 Be7 30. exf6 Bxf6+ 31. Ne5+ Kd8 32. Ke4 Rh3 33. g4 Rh4 34. g5 Bxe5 35. Kxe5 Rh8 36. Rc6 1-0

[Event "Charlotte Fall GM-B 2023"]
[Site "Charlotte"]
[Date "2023.11.18"]
[Round "2.3"]
[White "Stremavicius, Titas"]
[Black "Wang, Tianqi"]
[Result "1-0"]
[ECO "B41"]
[WhiteElo "2563"]
[BlackElo "2350"]
[Annotator "RC"]
[PlyCount "81"]
[EventDate "2023.11.17"]
[EventType "tourn"]
[EventCountry "USA"]
[SourceTitle "playchess.com"]
[Source "ChessBase"]
[SourceQuality "1"]
[TimeControl "5400+30"]

1. c4 e6 2. Nc3 c5 3. Nf3 a6 4. e4 Qc7 5. Be2 Nc6 6. d4 cxd4 7. Nxd4 Nf6 8. Nxc6 dxc6 9. Be3 e5 10. a3 Be6 11. h3 Be7 12. c5 O-O 13. b4 a5 14. O-O Nd7 15. Nd5 Qd8 16. Nxe7+ Qxe7 17. Qc2 a4 18. Qc3 Rfd8 19. Bd1 f6 20. Bc2 Nf8 21. Rfd1 Rxd1+ 22. Rxd1 Bf7 23. Rd6 Ne6 24. Qd2 Be8 25. Qd1 Nc7 26. Bxa4 Kh8 27. Rd3 Nb5 28. Bc1 h6 29. Bb2 Kh7 30. Bc2 Nc7 31. Qd2 Ne6 32. Rd6 Kh8 33. Kh2 Nf8 34. a4 Rc8 35. Qd3 Ne6 36. Qd1 Ra8 37. Bb3 Nf8 38. Bc1 Bf7 39. Bc2 Bc4 40. Be3 Ne6 41. Rd7 1-0

[Event "Charlotte Fall GM-B 2023"]
[Site "Charlotte"]
[Date "2023.11.18"]
[Round "2.4"]
[White "Ippolito, Dean"]
[Black "Cordova, Emilio"]
[Result "1-0"]
[ECO "A62"]
[WhiteElo "2356"]
[BlackElo "2568"]
[Annotator "RC"]
[PlyCount "105"]
[EventDate "2023.11.17"]
[EventType "tourn"]
[EventCountry "USA"]
[SourceTitle "playchess.com"]
[Source "ChessBase"]
[SourceQuality "1"]
[TimeControl "5400+30"]

1. d4 Nf6 2. c4 e6 3. g3 c5 4. d5 exd5 5. cxd5 d6 6. Nc3 g6 7. Bg2 Bg7 8. Nf3 O-O 9. O-O Re8 10. Bf4 Na6 11. Re1 Bg4 12. h3 Bxf3 13. Bxf3 Nd7 14. Ne4 Ne5 15. Bg2 h6 16. g4 Nc7 17. a4 Na6 18. Qc1 Kh7 19. g5 hxg5 20. Nxg5+ Kg8 21. h4 Nb4 22. Ra3 Qf6 23. Bd2 a5 24. Rg3 Qf5 25. Bh3 Qc2 26. f4 Ned3 27. Rxd3 Qxc1 28. Rxc1 Bxb2 29. Rb1 Bg7 30. Kf1 c4 31. Rg3 Nxd5 32. Bg2 Nf6 33. Rxb7 Rab8 34. Rxb8 Rxb8 35. Bxa5 Nh5 36. Ra3 Nxf4 37. Bc3 Bxc3 38. Rxc3 d5 39. Rf3 Rc8 40. Rc3 d4 41. Rc1 c3 42. Be4 Rc4 43. Bc2 Rb4 44. Nf3 Nd5 45. Kf2 Ne3 46. a5 Kg7 47. a6 Nxc2 48. Rxc2 Ra4 49. a7 Rxa7 50. Nxd4 Rc7 51. Ke3 Kh6 52. Kd3 Kh5 53. Nf3 1-0

[Event "Charlotte Fall GM-B 2023"]
[Site "Charlotte"]
[Date "2023.11.18"]
[Round "3.1"]
[White "Griffith, Kyron"]
[Black "Gedajlovic, Max"]
[Result "1/2-1/2"]
[ECO "C07"]
[WhiteElo "2358"]
[BlackElo "2407"]
[Annotator "RC"]
[PlyCount "105"]
[EventDate "2023.11.17"]
[EventType "tourn"]
[EventCountry "USA"]
[SourceTitle "playchess.com"]
[Source "ChessBase"]
[SourceQuality "1"]
[TimeControl "5400+30"]

1. e4 e6 2. d4 d5 3. Nd2 c5 4. Ngf3 cxd4 5. Nxd4 Nc6 6. Bb5 Bd7 7. Nxc6 bxc6 8. Bd3 Bd6 9. Qe2 Qc7 10. Nf3 dxe4 11. Qxe4 Nf6 12. Qh4 h6 13. Bd2 c5 14. Bc3 Ke7 15. O-O Bc6 16. Bxf6+ gxf6 17. Be4 Rab8 18. b3 Rhg8 19. Rfe1 c4 20. Nd4 Bxe4 21. Rxe4 Rg5 22. Rae1 cxb3 23. axb3 Rb6 24. f4 Rd5 25. Kh1 Bc5 26. Nf3 Bb4 27. Rc4 Rc5 28. Ree4 a5 29. h3 Rxc4 30. Rxc4 Rc6 31. Rxc6 Qxc6 32. Qf2 Kf8 33. Qe2 Qd5 34. Kh2 Bd6 35. g3 Qc5 36. Kg2 Qc6 37. Kf2 e5 38. fxe5 fxe5 39. g4 e4 40. Nd4 Bc5 41. c3 Qd5 42. Qe3 h5 43. gxh5 Qxh5 44. Qxe4 Qxh3 45. Qe5 Qxc3 46. Qh8+ Ke7 47. Qe5+ Kf8 48. Qh8+ Ke7 49. Qe5+ Kd7 50. Qd5+ Ke8 51. Qc6+ Ke7 52. Qc7+ Kf6 53. Qf4+ 1/2-1/2

[Event "Charlotte Fall GM-B 2023"]
[Site "Charlotte"]
[Date "2023.11.18"]
[Round "3.3"]
[White "Wang, Tianqi"]
[Black "Ippolito, Dean"]
[Result "0-1"]
[ECO "D02"]
[WhiteElo "2350"]
[BlackElo "2356"]
[Annotator "ChessBase"]
[PlyCount "84"]
[EventDate "2023.11.17"]
[EventType "tourn"]
[EventCountry "USA"]
[SourceTitle "playchess.com"]
[Source "ChessBase"]
[SourceQuality "1"]
[TimeControl "5400+30"]

1. d4 d5 2. Nf3 Nf6 3. c3 e6 4. Bf4 c5 5. e3 Nc6 6. Nbd2 Bd6 7. dxc5 Bxc5 8. Bd3 Bd6 9. Bxd6 Qxd6 10. Qe2 Ne5 11. Nxe5 Qxe5 12. f4 Qc7 13. O-O Bd7 14. Nf3 O-O 15. Ne5 Be8 16. Qf3 Nd7 17. Qh3 f5 18. Nf3 Qb6 19. Kh1 Qxe3 20. Bc2 Qxf4 21. Rae1 Nc5 22. Nd4 Qd6 23. b4 Ne4 24. Nxe6 Rf6 25. Nd4 Bd7 26. Bxe4 dxe4 27. Qe3 Qc7 28. Rf2 Qc4 29. Nb3 b6 30. Nd2 Qc7 31. Rc1 Bc6 32. Rcf1 Bb5 33. Rc1 Rd8 34. c4 Rd3 35. Qe2 Bc6 36. Nf1 f4 37. b5 Bb7 38. Qh5 Qd7 39. Qe5 f3 40. gxf3 Rdxf3 41. Rxf3 exf3 42. c5 bxc5 0-1

[Event "Charlotte Fall GM-B 2023"]
[Site "Charlotte"]
[Date "2023.11.18"]
[Round "3.4"]
[White "Hilby, Craig"]
[Black "Stremavicius, Titas"]
[Result "1/2-1/2"]
[ECO "E05"]
[WhiteElo "2402"]
[BlackElo "2563"]
[Annotator "RC"]
[PlyCount "117"]
[EventDate "2023.11.17"]
[EventType "tourn"]
[EventCountry "USA"]
[SourceTitle "playchess.com"]
[Source "ChessBase"]
[SourceQuality "1"]
[TimeControl "5400+30"]

1. c4 e6 2. g3 d5 3. Bg2 Nf6 4. Nf3 Be7 5. O-O O-O 6. d4 dxc4 7. Qc2 a6 8. a4 Bd7 9. Rd1 Bc6 10. Nc3 Bxf3 11. Bxf3 Nc6 12. Bxc6 bxc6 13. a5 Nd5 14. Na2 Qb8 15. Qxc4 Qb5 16. Qxb5 cxb5 17. e4 Nf6 18. Bg5 c5 19. e5 Nd5 20. Bxe7 Nxe7 21. dxc5 Nc6 22. Rd6 Rfc8 23. f4 Nxa5 24. Nb4 Nb3 25. Raxa6 Nxc5 26. Rxa8 Rxa8 27. Rc6 Ne4 28. Rb6 g5 29. fxg5 Rd8 30. h4 Rd2 31. Rxb5 Rxb2 32. Rb8+ Kg7 33. Nc6 Rxb8 34. Nxb8 Nxg3 35. Kg2 Nf5 36. Kh3 Kg6 37. Nd7 Ne3 38. Nf8+ Kg7 39. Nd7 h6 40. Kg3 Kg6 41. gxh6 Nf5+ 42. Kf4 Nxh4 43. h7 Kxh7 44. Kg5 Ng2 45. Kf6 Kg8 46. Ke7 Kg7 47. Nf6 Kg6 48. Nd7 Nf4 49. Nf8+ Kg7 50. Nd7 Nd5+ 51. Ke8 Kg8 52. Nc5 Kg7 53. Nd7 Ne3 54. Ke7 Nf5+ 55. Ke8 Nd4 56. Ke7 Nf3 57. Nc5 Nxe5 58. Nxe6+ fxe6 59. Kxe6 1/2-1/2

[Event "Charlotte Fall GM-B 2023"]
[Site "Charlotte"]
[Date "2023.11.18"]
[Round "3.5"]
[White "Ringoir, Tanguy"]
[Black "Korley, Kassa"]
[Result "1/2-1/2"]
[ECO "D12"]
[WhiteElo "2507"]
[BlackElo "2457"]
[Annotator "RC"]
[PlyCount "65"]
[EventDate "2023.11.17"]
[EventType "tourn"]
[EventCountry "USA"]
[SourceTitle "playchess.com"]
[Source "ChessBase"]
[SourceQuality "1"]
[TimeControl "5400+30"]

1. d4 d5 2. c4 c6 3. Nf3 Nf6 4. e3 Bf5 5. Nc3 e6 6. Nh4 Be4 7. f3 Bg6 8. Qb3 Qc7 9. Bd2 a5 10. c5 Nbd7 11. Na4 Be7 12. O-O-O Bd8 13. Be1 Qb8 14. Nxg6 hxg6 15. Kb1 Bc7 16. h4 e5 17. g4 exd4 18. exd4 Nf8 19. Nb6 Bxb6 20. Qxb6 Ne6 21. Rh3 Nd7 22. Qb3 a4 23. Qc3 b6 24. Bg3 Qb7 25. Bd6 a3 26. b3 bxc5 27. dxc5 Nf6 28. Rh2 Kd8 29. h5 gxh5 30. gxh5 Ne8 31. Bg3 Rh6 32. Rh4 Qe7 33. b4 1/2-1/2

[Event "Charlotte Fall GM-B 2023"]
[Site "Charlotte"]
[Date "2023.11.19"]
[Round "4.1"]
[White "Gedajlovic, Max"]
[Black "Korley, Kassa"]
[Result "1/2-1/2"]
[ECO "D36"]
[WhiteElo "2407"]
[BlackElo "2457"]
[Annotator "RC"]
[PlyCount "84"]
[EventDate "2023.11.17"]
[EventType "tourn"]
[EventCountry "USA"]
[SourceTitle "playchess.com"]
[Source "ChessBase"]
[SourceQuality "1"]
[TimeControl "5400+30"]

1. d4 d5 2. c4 e6 3. Nc3 Nf6 4. cxd5 exd5 5. Bg5 c6 6. e3 h6 7. Bh4 Be7 8. Bd3 O-O 9. Nge2 Nbd7 10. Qc2 Re8 11. O-O Ne4 12. Bxe7 Qxe7 13. Rae1 Ndf6 14. f3 Nxc3 15. Nxc3 Qd6 16. Qf2 Be6 17. Kh1 Re7 18. Rd1 Rae8 19. e4 dxe4 20. fxe4 Ng4 21. Qg1 Qb4 22. Rd2 c5 23. d5 Bd7 24. a3 Qd4 25. Qxd4 cxd4 26. Nb5 Ne5 27. Nd6 Rd8 28. Nxb7 Rb8 29. Nc5 a5 30. Be2 Bb5 31. Bxb5 Rxb5 32. d6 Re8 33. Na6 Rb6 34. Nc7 Rd8 35. Rxd4 Rxb2 36. h3 Ra2 37. Rf5 f6 38. Ne6 Rd7 39. Nc5 Rd8 40. d7 Kf7 41. Nd3 Nc6 42. Rd6 Rxa3 1/2-1/2

[Event "Charlotte Fall GM-B 2023"]
[Site "Charlotte"]
[Date "2023.11.18"]
[Round "4.2"]
[White "Stremavicius, Titas"]
[Black "Ringoir, Tanguy"]
[Result "1/2-1/2"]
[ECO "B33"]
[WhiteElo "2563"]
[BlackElo "2507"]
[Annotator "RC"]
[PlyCount "58"]
[EventDate "2023.11.17"]
[EventType "tourn"]
[EventCountry "USA"]
[SourceTitle "playchess.com"]
[Source "ChessBase"]
[SourceQuality "1"]
[TimeControl "5400+30"]

1. e4 c5 2. Nf3 Nc6 3. d4 cxd4 4. Nxd4 Nf6 5. Nc3 e5 6. Ndb5 d6 7. Bg5 a6 8. Na3 b5 9. Bxf6 gxf6 10. Nd5 Bg7 11. Bd3 Ne7 12. Nxe7 Qxe7 13. c4 f5 14. O-O O-O 15. Qf3 Qb7 16. exf5 Qxf3 17. gxf3 e4 18. Bxe4 d5 19. Bxd5 Bxf5 20. Bxa8 Rxa8 21. cxb5 Bxb2 22. Nc4 Bxa1 23. Rxa1 axb5 24. Nd6 Bd3 25. Rd1 Ra3 26. Rd2 Kf8 27. Rb2 Ra6 28. Nxb5 Bxb5 29. Rxb5 Rxa2 1/2-1/2

[Event "Charlotte Fall GM-B 2023"]
[Site "Charlotte"]
[Date "2023.11.19"]
[Round "4.3"]
[White "Ippolito, Dean"]
[Black "Hilby, Craig"]
[Result "1-0"]
[ECO "A58"]
[WhiteElo "2356"]
[BlackElo "2402"]
[Annotator "RC"]
[PlyCount "55"]
[EventDate "2023.11.17"]
[EventType "tourn"]
[EventCountry "USA"]
[SourceTitle "playchess.com"]
[Source "ChessBase"]
[SourceQuality "1"]
[TimeControl "5400+30"]

1. d4 Nf6 2. c4 c5 3. d5 b5 4. cxb5 a6 5. bxa6 e6 6. Nc3 exd5 7. Nxd5 Be7 8. Nxe7 Qxe7 9. e3 O-O 10. Nf3 Rxa6 11. b3 Ne4 12. Bb2 Rg6 13. Ne5 c4 14. Bxc4 Rxg2 15. Qd4 Qb4+ 16. Kf1 Rxf2+ 17. Kg1 Rxb2 18. Bxf7+ Rxf7 19. Qxb4 Ng5 20. Qg4 Bb7 21. Rf1 Rxf1+ 22. Kxf1 Rb1+ 23. Ke2 Rxh1 24. Qxg5 Rxh2+ 25. Ke1 Nc6 26. Nxd7 Rxa2 27. Qb5 Ra7 28. Ne5 1-0

[Event "Charlotte Fall GM-B 2023"]
[Site "Charlotte"]
[Date "2023.11.19"]
[Round "4.5"]
[White "Griffith, Kyron"]
[Black "Cordova, Emilio"]
[Result "0-1"]
[ECO "B68"]
[WhiteElo "2358"]
[BlackElo "2568"]
[Annotator "RC"]
[PlyCount "60"]
[EventDate "2023.11.17"]
[EventType "tourn"]
[EventCountry "USA"]
[SourceTitle "playchess.com"]
[Source "ChessBase"]
[SourceQuality "1"]
[TimeControl "5400+30"]

1. e4 c5 2. Nf3 Nc6 3. d4 cxd4 4. Nxd4 Nf6 5. Nc3 d6 6. Bg5 Bd7 7. Qd2 a6 8. f4 e6 9. O-O-O Be7 10. Nf3 b5 11. Bd3 h6 12. Bh4 b4 13. Ne2 a5 14. e5 dxe5 15. Nxe5 Nxe5 16. fxe5 Ng4 17. Be4 Rc8 18. Bxe7 Qxe7 19. Qd4 Bb5 20. Bd3 Bxd3 21. Rxd3 Qg5+ 22. Kb1 Nxe5 23. Re3 Nc6 24. Qe4 O-O 25. h4 Qc5 26. Rf1 Ne7 27. g4 Rfd8 28. Rc1 Rd2 29. Nf4 Rd4 30. Qf3 Rxf4 0-1

[Event "Charlotte Fall GM-B 2023"]
[Site "Charlotte"]
[Date "2023.11.19"]
[Round "5.1"]
[White "Cordova, Emilio"]
[Black "Gedajlovic, Max"]
[Result "1-0"]
[ECO "A06"]
[WhiteElo "2568"]
[BlackElo "2407"]
[Annotator "RC"]
[PlyCount "113"]
[EventDate "2023.11.17"]
[EventType "tourn"]
[EventCountry "USA"]
[SourceTitle "playchess.com"]
[Source "ChessBase"]
[SourceQuality "1"]
[TimeControl "5400+30"]

1. Nf3 d5 2. e3 c5 3. b3 Nf6 4. Bb2 g6 5. c4 dxc4 6. Bxc4 Bg7 7. a3 Nc6 8. b4 Qb6 9. Nc3 cxb4 10. Nd5 Qd8 11. Nxf6+ Bxf6 12. Bxf6 exf6 13. axb4 O-O 14. b5 Ne5 15. Nxe5 fxe5 16. Qb3 Qb6 17. O-O Bd7 18. Rfb1 Kg7 19. d3 f6 20. h3 Rfe8 21. d4 exd4 22. Rd1 Re4 23. exd4 Rc8 24. Bf1 Ree8 25. Ra3 Rc7 26. Qb1 Rd8 27. Re3 Be8 28. Qb4 Bf7 29. Qa4 Rcd7 30. Re4 Bd5 31. Re3 Bf7 32. Red3 Rd5 33. R3d2 R8d7 34. Be2 Be8 35. Qa1 Rc7 36. Qa2 Bf7 37. Qa3 Rcd7 38. Qa1 Rc7 39. Ra2 Rcd7 40. Rxa7 R5d6 41. Rd2 Be6 42. Ra4 Rc7 43. Qa3 Bf7 44. h4 Rcd7 45. Ra8 Qc7 46. Bg4 Re7 47. Rc8 Re1+ 48. Kh2 Qe7 49. Bf3 Qd7 50. Rdc2 Qe6 51. R2c7 g5 52. Bh5 Qe4 53. Rxf7+ Kh6 54. hxg5+ Kxh5 55. Qh3+ Kg6 56. Qxh7+ Kxg5 57. Rc5+ 1-0

[Event "Charlotte Fall GM-B 2023"]
[Site "Charlotte"]
[Date "2023.11.19"]
[Round "5.2"]
[White "Wang, Tianqi"]
[Black "Griffith, Kyron"]
[Result "1-0"]
[ECO "A13"]
[WhiteElo "2350"]
[BlackElo "2358"]
[Annotator "RC"]
[PlyCount "169"]
[EventDate "2023.11.17"]
[EventType "tourn"]
[EventCountry "USA"]
[SourceTitle "playchess.com"]
[Source "ChessBase"]
[SourceQuality "1"]
[TimeControl "5400+30"]

1. c4 Nf6 2. g3 e6 3. Bg2 d5 4. Nf3 dxc4 5. O-O a6 6. Qc2 b5 7. Ne5 Nd5 8. b3 cxb3 9. Qxb3 Bb7 10. a4 b4 11. a5 Be7 12. Qa4+ c6 13. Bb2 O-O 14. d4 c5 15. dxc5 Bxc5 16. Nd2 Qe7 17. Rac1 f6 18. Nd3 Nd7 19. e4 Nc3 20. Bxc3 bxc3 21. Rxc3 Bd6 22. Rb1 Rab8 23. Rcb3 Ne5 24. Nxe5 Bxe5 25. Nc4 Bd4 26. e5 Bxg2 27. Rxb8 Be4 28. Qb4 Bc5 29. exf6 gxf6 30. Rxf8+ Qxf8 31. Qe1 Bxb1 32. Qxb1 Qd8 33. Qc2 Qd5 34. Qe2 e5 35. h4 Kf8 36. Nd2 Bb4 37. Ne4 Be7 38. Qf3 h5 39. Qf5 Qd1+ 40. Kh2 Qg4 41. Qh7 f5 42. Ng5 Bxg5 43. hxg5 Qxg5 44. Qh8+ Kf7 45. Qxe5 Qf6 46. Qe2 Kg6 47. Qc4 Kg7 48. Kg2 Kh6 49. Qc7 Kg6 50. Qb6 Kg7 51. Kf3 Qe5 52. Kg2 Qe4+ 53. Kh2 Qe2 54. Qd4+ Kg6 55. Qc5 Kf6 56. Kg2 Qe4+ 57. Kf1 Qh1+ 58. Ke2 Qe4+ 59. Kd2 Kg5 60. Qd6 Kg4 61. Qxa6 Qd4+ 62. Qd3 Qb2+ 63. Ke1 Qb4+ 64. Qd2 Qa3 65. Qe2+ Kh3 66. Qxh5+ Kg2 67. Qxf5 Qc3+ 68. Ke2 Qb2+ 69. Ke3 Qc3+ 70. Kf4 Qd2+ 71. Kg4 Qd1+ 72. f3 Qd4+ 73. f4 Qd1+ 74. Kg5 Kxg3 75. a6 Qd8+ 76. Qf6 Qd2 77. Kg6 Qe3 78. f5 Kg4 79. Qe6 Qg5+ 80. Kf7 Qd8 81. f6+ Kg5 82. Kg7 Qd4 83. Qe7 Kh5 84. a7 Qe4 85. Qxe4 1-0

[Event "Charlotte Fall GM-B 2023"]
[Site "Charlotte"]
[Date "2023.11.19"]
[Round "5.4"]
[White "Ringoir, Tanguy"]
[Black "Ippolito, Dean"]
[Result "1-0"]
[ECO "E06"]
[WhiteElo "2507"]
[BlackElo "2356"]
[Annotator "RC"]
[PlyCount "63"]
[EventDate "2023.11.17"]
[EventType "tourn"]
[EventCountry "USA"]
[SourceTitle "playchess.com"]
[Source "ChessBase"]
[SourceQuality "1"]
[TimeControl "5400+30"]

1. d4 d5 2. c4 e6 3. Nf3 Nf6 4. g3 Be7 5. Bg2 O-O 6. Qd3 c5 7. O-O cxd4 8. Nxd4 Nc6 9. cxd5 Nxd4 10. Qxd4 Nxd5 11. Nc3 Bf6 12. Qc4 Nxc3 13. bxc3 Bd7 14. Bxb7 Rb8 15. Rb1 Bc8 16. Be4 Rxb1 17. Bxb1 Qa5 18. Qe4 g6 19. c4 Ba6 20. Be3 Rc8 21. Bd3 Qxa2 22. c5 Bb2 23. Rb1 f5 24. Qb4 Bxd3 25. Rxb2 Qa1+ 26. Kg2 Be4+ 27. f3 Bc6 28. Qc3 e5 29. Bh6 Qd1 30. Rd2 Qb1 31. Qc4+ Kh8 32. Qf7 1-0

[Event "Charlotte Fall GM-B 2023"]
[Site "Charlotte"]
[Date "2023.11.19"]
[Round "5.5"]
[White "Korley, Kassa"]
[Black "Stremavicius, Titas"]
[Result "0-1"]
[ECO "A13"]
[WhiteElo "2457"]
[BlackElo "2563"]
[Annotator "RC"]
[PlyCount "96"]
[EventDate "2023.11.17"]
[EventType "tourn"]
[EventCountry "USA"]
[SourceTitle "playchess.com"]
[Source "ChessBase"]
[SourceQuality "1"]
[TimeControl "5400+30"]

1. Nf3 d5 2. g3 Nf6 3. Bg2 e6 4. O-O Bd6 5. c4 O-O 6. d3 h6 7. Nc3 Nc6 8. a3 d4 9. Na4 a5 10. e3 e5 11. exd4 exd4 12. b3 Re8 13. Bb2 Bf8 14. Qd2 Bf5 15. Rfe1 Qd7 16. Rxe8 Rxe8 17. Re1 Rd8 18. Ne5 Nxe5 19. Rxe5 b6 20. c5 Bh3 21. Bh1 Qb5 22. Qc2 Bd6 23. Re1 bxc5 24. Bc1 Rb8 25. Nb2 Qxb3 26. Qd2 Qxa3 27. Nc4 Qb4 28. Nxa5 Qxd2 29. Bxd2 Rb2 30. Bc1 Rc2 31. Nc4 Ng4 32. Bf3 Nxf2 33. Na3 Rxc1 34. Rxc1 Nxd3 35. Ra1 Ne5 36. Be4 Bd7 37. Rc1 Be6 38. Nb5 f5 39. Bb1 d3 40. Kf2 c4 41. Nxd6 cxd6 42. h4 Ng4+ 43. Ke1 Nf6 44. Ba2 Ne4 45. Rxc4 d2+ 46. Ke2 Bxc4+ 47. Bxc4+ Kf8 48. Bd3 d1=N 0-1

[Event "Charlotte Fall GM-B 2023"]
[Site "Charlotte"]
[Date "2023.11.20"]
[Round "6.2"]
[White "Ippolito, Dean"]
[Black "Korley, Kassa"]
[Result "1-0"]
[ECO "D23"]
[WhiteElo "2356"]
[BlackElo "2457"]
[Annotator "RC"]
[PlyCount "83"]
[EventDate "2023.11.17"]
[EventType "tourn"]
[EventCountry "USA"]
[SourceTitle "playchess.com"]
[Source "ChessBase"]
[SourceQuality "1"]
[TimeControl "5400+30"]

1. d4 d5 2. c4 c6 3. Nf3 Nf6 4. Qb3 dxc4 5. Qxc4 Bf5 6. Nc3 Nbd7 7. g3 e6 8. Bg2 Be7 9. O-O O-O 10. a4 a5 11. e3 Qc7 12. Re1 e5 13. e4 Bg4 14. dxe5 Nxe5 15. Nxe5 Qxe5 16. h3 Be6 17. Qe2 Bb4 18. Be3 Bb3 19. Rec1 Qe6 20. Bd4 Nd7 21. Nb1 Rad8 22. Qe3 Bc4 23. Nd2 Ba6 24. Nb3 h6 25. Rc2 b6 26. Bxg7 Kxg7 27. Nd4 Qg6 28. Rxc6 f6 29. Ne6+ Kh8 30. Nxd8 Rxd8 31. Rd1 Rc8 32. e5 Bc5 33. Qb3 Rxc6 34. Bxc6 Bc4 35. Qxc4 Qxg3+ 36. Bg2 Bxf2+ 37. Kh1 Qg7 38. Qc8+ Nf8 39. exf6 Qf7 40. Bd5 Qxf6 41. Rf1 Qd6 42. Qc3+ 1-0

[Event "Charlotte Fall GM-B 2023"]
[Site "Charlotte"]
[Date "2023.11.20"]
[Round "6.4"]
[White "Griffith, Kyron"]
[Black "Hilby, Craig"]
[Result "1/2-1/2"]
[ECO "B76"]
[WhiteElo "2358"]
[BlackElo "2402"]
[Annotator "RC"]
[PlyCount "59"]
[EventDate "2023.11.17"]
[EventType "tourn"]
[EventCountry "USA"]
[SourceTitle "playchess.com"]
[Source "ChessBase"]
[SourceQuality "1"]
[TimeControl "5400+30"]

1. e4 c5 2. Nf3 d6 3. d4 cxd4 4. Nxd4 Nf6 5. Nc3 g6 6. Be3 Bg7 7. f3 O-O 8. Qd2 Nc6 9. O-O-O d5 10. Nxc6 bxc6 11. Bh6 Bxh6 12. Qxh6 e5 13. Qg5 Qd6 14. exd5 cxd5 15. Bc4 Bb7 16. Bb3 Kg7 17. f4 exf4 18. Rhf1 Rad8 19. Nb5 Qb8 20. Qxf4 Qxf4+ 21. Rxf4 a6 22. Nd4 Ne4 23. c3 Rfe8 24. Rff1 f5 25. Bc2 Re7 26. Rde1 Rde8 27. Ba4 Rc8 28. Bc2 Rce8 29. Ba4 Rc8 30. Bc2 1/2-1/2